 Dungeon Sprint DCSS version 0.31-a0-496-g6f97920a28 (webtiles) character file.

Game seed: 12255899977050167227

10784 Midn8 the Wrestler (level 10, 0/111 HPs)
             Began as a Ghoul Monk on Aug 8, 2023.
             Was a Believer of Ru.
             Slain by a golden dragon (29 damage)
             ... in the Dungeon (Sprint II: "The Violet Keep of Menkaure").
             The game lasted 00:08:32 (2650 turns).

Midn8 the Wrestler (Ghoul Monk)                     Turns: 2650, Time: 00:08:33

Health: 0/111      AC: 18    Str: 24    XL:     10   Next: 67%
Magic:  9/9        EV:  9    Int:  5    God:    Ru [**....]
Gold:   739        SH:  5    Dex: 11    Spells: 9/9 levels left

rFire   . .          .
                       - Unarmed
rCold   + + .        c - orb {light}
rNeg    + + +        j - +3 chain mail {rC+}
rPois   ∞            (no helmet)
rElec   .            k - +0 cloak of the Good {Str+4}
rCorr   .            l - +1 pair of gloves
SInv    .            (no boots)
Will    .....        p - amulet of reflection Stlth
                     (no ring)
HPRegen 0.00/turn    (no ring)
MPRegen 0.11/turn

%: no teleportation, reflection
@: inhibited regen, glowing
A: claws 1, cold resistance 1, negative energy resistance 3, inhibited
regeneration, torment resistance 2, no stealth, inexperienced 1, devour on kill
a: Renounce Religion


You were in the Dungeon.
You worshipped Ru.
Ru was pleased with you.
You visited 1 branch You collected 1309 gold pieces.
You spent 570 gold pieces at shops.

Inventory:

Armour
 a - a +0 robe
 c - an orb of light (worn)
 j - a +3 chain mail of cold resistance (worn)
 k - the +0 cloak of the Good (worn) {Str+4}
   (You bought it in a shop in the Dungeon)

   Str:       It affects your strength (+4).
 l - a +1 pair of gloves (worn)
Jewellery
 p - an amulet of reflection (around neck)
Scrolls
 f - 9 scrolls of identify {unknown}
 h - a scroll of blinking
 m - a scroll of fog {unknown}
 o - a scroll of enchant weapon {unknown}
 r - a scroll of acquirement {unknown}
Potions
 b - 2 potions of ambrosia
 d - 5 potions of curing
 e - 2 potions of heal wounds
 g - 5 potions of magic
 i - 9 potions of enlightenment {unknown}
 n - 3 potions of resistance {unknown}
 q - a potion of brilliance {unknown}


   Skills:
 + Level 17.1 Fighting
 - Level 10.0 Armour
 - Level 2.6 Dodging
 * Level 22.9 Unarmed Combat


You had 9 spell levels left.
You didn't know any spells.
Your spell library contained the following spells:

 Spells                   Type           Power      Damage    Failure   Level
 Lesser Beckoning         Tloc           0%         N/A       98%         2
 Gell's Gravitas          Tloc           0%         N/A       100%        3
 Teleport Other           Tloc           0%         N/A       100%        3


Dungeon Overview and Level Annotations

Branches:
Dungeon (1/1)

Altars:
Cheibriados
Dithmenos
Fedhas
Gozag
Hepliaklqana
Kikubaaqudgha
Makhleb
Nemelex Xobeh
Okawaru
Qazlal
Ru
Sif Muna
Trog
Uskayaw
Vehumet
Wu Jian
Xom
Yredelemnul
Jiyva
Lugonu

Shops:
D [=:?=[*!:!(=[!!

Annotations:
D exclusions: obsidian statue and oklob plant, Roxanne


Innate Abilities, Weirdness & Mutations

You are immune to poison.
You have sharp fingernails.
Your flesh is cold resistant. (rC+)
You are immune to negative energy. (rN+++)
You do not regenerate when monsters are visible.
You are immune to unholy pain and torment.
You cannot be stealthy.
You are somewhat inexperienced. (-1 XL)
You thrive by killing the living.


Message History

The storm dragon breathes lightning at you.
The bolt of lightning hits you!
The storm dragon moves out of view.
A golden dragon comes into view.
A bone dragon comes into view.
A deep elf high priest comes into view. It is wielding a +0 short sword.
Unknown command.
Okay, then.
You enter the shallow water.
Moving in this stuff is going to be slow.
The golden dragon breathes poison at you.
You hear a shout!
The golden dragon begins to attack, but is stunned by your conviction!
There is an open door, spattered with blood here.
You see here a +0 shortbow.
Things that are here:
a +0 arbalest; a +0 dagger; a +0 robe You start resting.
A golden dragon is nearby!
You pummel the golden dragon!!
The golden dragon is moderately wounded.
The golden dragon bites you but does no damage.
The golden dragon claws you! The golden dragon tramples you.
You stumble backwards!
You hit the golden dragon.
The golden dragon is moderately wounded.
The golden dragon bites you!! The golden dragon closely misses you.
You block the golden dragon's attack.
You pummel the golden dragon!!
The golden dragon is heavily wounded.
You pummel the golden dragon!!
The golden dragon is severely wounded.
The golden dragon breathes fire at you. The bolt of fire hits you!!!
* * * LOW HITPOINT WARNING * * *
You punch the golden dragon!
The golden dragon is almost dead.
You completely miss the golden dragon.
The golden dragon is almost dead.
The golden dragon bites you!!
You die...

e##...####..~.§.~§~##§...### #.
DD.☼°.D°~##.~~... e≈§....###.
##########~~#+++#+++#####....#.##
#########~~~.........#..'...^#..#
.......∩#~~~~.##)##..#..####.#..#
∩.....∩.#~~~)##.#.##.####..'.##.#
.∩...∩.∩#~~~~#)###.#....#.(#...##
∩...∩.∩.#~~####D#.####..#####^.##
.∩.∩.∩..#~##.###@###.##..#..'..#.
..∩.∩...#~#...##.##...#..#..#..#.
...⌠....'~'##.÷.<.')# +..####..##
........#~#...##.##...#....###^..
▓▓▓▓▓▓###~##.###'###.##......~~~~
SHH######~~#####.#####~~.....~#'#


$SH#J ##~~~#..#..#~~~~~§~..~#._ ∩PS+.$ #+#~##.#.##~~~~~~~~.~#.. !..#?#
#~~##+##~~~§§≈~§§~~#._ You could see a golden dragon (catching breath).

Vanquished Creatures
  A kraken (D)
  Kirke (D)
  A crystal guardian (D)
  A yaktaur captain (D)
  A centaur warrior (D)
  An iron elemental (D)
  A skeletal warrior (D)
  2 death drakes (D)
  An elephant (D)
  A merfolk siren (D)
  A yaktaur (D)
  A kobold demonologist (D)
  5 polar bears (D)
  A hornet (D)
  5 wyverns (D)
  3 yaks (D)
  5 water moccasins (D)
  2 swamp drakes (D)
  5 necrophages (D)
  4 scorpions (D)
  An iron imp (D)
  6 tentacles (D)
50 creatures vanquished.

Vanquished Creatures (others)
  Menkaure (D)
  12 tentacles (D)
13 creatures vanquished.

Grand Total: 63 creatures vanquished

Notes
Turn   | Place    | Note
-------+----------+-------------------------------------------
     0 | D        | Midn8 the Ghoul Monk began the quest for the Orb.
     0 | D        | Reached XP level 1. HP: 19/19 MP: 0/0
     1 | D        | Noticed a scorpion
     1 | D        | Noticed a scorpion
     7 | D        | Killed a scorpion
     8 | D        | Reached skill level 5 in Fighting
     8 | D        | Reached skill level 7 in Unarmed Combat
     8 | D        | Reached XP level 2. HP: 24/30 MP: 1/1
     8 | D        | Reached XP level 3. HP: 29/37 MP: 2/2
    16 | D        | Killed a scorpion
    17 | D        | Reached skill level 8 in Unarmed Combat
    17 | D        | Reached XP level 4. HP: 24/45 MP: 3/3
    96 | D        | Noticed a scorpion
    96 | D        | Noticed a scorpion
   107 | D        | Killed a scorpion
   108 | D        | Reached skill level 10 in Unarmed Combat
   108 | D        | Reached XP level 5. HP: 30/52 MP: 4/4
   115 | D        | Reached skill level 11 in Unarmed Combat
   115 | D        | Reached XP level 6. HP: 21/62 MP: 5/5
   147 | D        | Killed Menkaure
   272 | D        | Reached skill level 12 in Unarmed Combat
   283 | D        | Reached skill level 13 in Unarmed Combat
   287 | D        | Reached skill level 10 in Fighting
   287 | D        | Reached XP level 7. HP: 18/72 MP: 6/6
   460 | D        | Noticed a wyvern
   460 | D        | Noticed a wyvern
   466 | D        | Killed a wyvern
   467 | D        | Reached skill level 14 in Unarmed Combat
   471 | D        | Killed a wyvern
   633 | D        | Noticed a merfolk siren
   639 | D        | Killed a merfolk siren
   640 | D        | Reached skill level 15 in Unarmed Combat
   640 | D        | Reached XP level 8. HP: 76/83 MP: 7/7
   670 | D        | Found Hul Zamm's Antique Weapon Emporium.
   670 | D        | Found Gaitaeq's Armour Emporium.
   670 | D        | Found Tujymimu's Distillery.
   670 | D        | Found Esuasoe's Distillery.
   670 | D        | Found Xiefrali's Distillery.
   670 | D        | Found Livorch's Jewellery Shoppe.
   670 | D        | Found Siryxt's Distillery.
   677 | D        | Reached skill level 16 in Unarmed Combat
   677 | D        | Found Koheoc's Book Emporium.
   677 | D        | Found Beno's Assorted Antiques.
   716 | D        | Found Beadyxu's Antique Armour Shoppe.
   716 | D        | Noticed a manticore
   717 | D        | Noticed a manticore
   724 | D        | Noticed a centaur warrior
   724 | D        | Noticed Kirke
   724 | D        | Noticed a kobold demonologist
   725 | D        | Noticed a yaktaur captain
   726 | D        | Noticed Roxanne
   741 | D        | Killed a centaur warrior
   742 | D        | Reached skill level 17 in Unarmed Combat
   742 | D        | Reached XP level 9. HP: 44/93 MP: 8/8
   752 | D        | Killed Kirke
   753 | D        | Reached skill level 19 in Unarmed Combat
   762 | D        | Killed a kobold demonologist
   790 | D        | Noticed an elephant
   795 | D        | Killed an elephant
   796 | D        | Reached XP level 10. HP: 40/104 MP: 9/9
   811 | D        | Killed a yaktaur captain
   812 | D        | Reached skill level 15 in Fighting
   812 | D        | Reached skill level 20 in Unarmed Combat
  1003 | D        | Noticed a skeletal warrior
  1004 | D        | Noticed an iron elemental
  1009 | D        | Killed a skeletal warrior
  1010 | D        | Reached skill level 21 in Unarmed Combat
  1095 | D        | Noticed a hell hog
  1201 | D        | Found Ydigufy's Jewellery Emporium.
  1201 | D        | Found Joufadd's Magic Scroll Shoppe.
  1201 | D        | Noticed an oklob plant
  1202 | D        | Found Mid Zogu's Jewellery Shoppe.
  1202 | D        | Found Abips's Antique Armour Emporium.
  1202 | D        | Found Pizoab's Book Shoppe.
  1202 | D        | Noticed a manticore
  1210 | D        | Killed an iron elemental
  1384 | D        | Bought a glowing chain mail for 195 gold pieces
  1398 | D        | Bought a spiked cloak for 237 gold pieces
  1398 | D        | Identified the +0 cloak of the Good {Str+4} (You bought it
                  | in a shop in the Dungeon)
  1407 | D        | Bought a +1 pair of gloves for 138 gold pieces
  1422 | D        | Noticed an obsidian statue
  1431 | D        | Found a radiant altar of Vehumet.
  1432 | D        | Found a basalt altar of Yredelemnul.
  1432 | D        | Found a hide-covered altar of Uskayaw.
  1433 | D        | Found a shimmering altar of Xom.
  1433 | D        | Found a bloodstained altar of Trog.
  1434 | D        | Found an ornate altar of the Wu Jian Council.
  1434 | D        | Found a shimmering blue altar of Sif Muna.
  1434 | D        | Found a corrupted altar of Lugonu.
  1434 | D        | Found a burning altar of Makhleb.
  1435 | D        | Found a sacrificial altar of Ru.
  1435 | D        | Found an ancient bone altar of Kikubaaqudgha.
  1436 | D        | Found a stormy altar of Qazlal.
  1436 | D        | Found a viscous altar of Jiyva.
  1436 | D        | Found a shadowy altar of Dithmenos.
  1437 | D        | Found a hazy altar of Hepliaklqana.
  1437 | D        | Found a snail-covered altar of Cheibriados.
  1439 | D        | Found a sparkling altar of Nemelex Xobeh.
  1439 | D        | Found a blossoming altar of Fedhas.
  1440 | D        | Found an opulent altar of Gozag.
  1440 | D        | Found an iron altar of Okawaru.
  1444 | D        | Became a worshipper of Ru the Awakened
  1445 | D        | Gained mutation: You cannot be stealthy. [Ru sacrifice]
  1462 | D        | Reached skill level 22 in Unarmed Combat
  1472 | D        | Noticed a death drake
  1473 | D        | Noticed a death drake
  1479 | D        | Noticed a crystal guardian
  1483 | D        | Killed a death drake
  1484 | D        | Reached XP level 11. HP: 103/116 MP: 10/10
  1493 | D        | Killed a death drake
  1500 | D        | Killed a crystal guardian
  1515 | D        | Noticed a deep elf master archer
  1857 | D        | Noticed a kraken
  2063 | D        | Gained mutation: You are somewhat inexperienced. (-1 XL)
                  | [Ru sacrifice]
  2063 | D        | Reached XP level 10. HP: 110/110 MP: 9/9
  2063 | D        | Reached * piety under Ru
  2063 | D        | Reached ** piety under Ru
  2174 | D        | Noticed a sixfirhy
  2405 | D        | Killed a kraken
  2406 | D        | Reached skill level 10 in Armour
  2628 | D        | Noticed a storm dragon
  2629 | D        | Noticed a golden dragon
  2629 | D        | Noticed a bone dragon
  2629 | D        | Noticed a deep elf high priest
  2650 | D        | Slain by a golden dragon

Illustrated notes

Levels and vault maps discovered:
D:        the_violet_keep_of_menkaure [sprint2_stairs_cluster_1,
          sprint2_shoproom, sprint2_temple, sprint2_basic_supplies,
          sprint2_obstacle_3, sprint2_obstacle_7, sprint2_obstacle_6,
          sprint2_obstacle_5, sprint2_obstacle_1, sprint2_timed_cluster_1,
          sprint2_smallroom_cluster_1, sprint2_smallroom_final_cluster_1,
          sprint2_transparent_cluster_1, sprint2_second_timed_cluster_1,
          sprint2_sniper_area_1, sprint2_heavy_combat_area_1,
          sprint2_mutation_trap_area_1, sprint2_forest_area_1,
          sprint2_light_combat_area_1, sprint2_behind_water_1,
          sprint2_near_end_vault_1]

Skill      XL: |  1  2  3  4  5  6  7  8  9 10 11 |
---------------+----------------------------------+-----
Fighting       | 5 6 7 8 10 11 13 14 17 | 17.1
Unarmed Combat | 7 8 10 11 13 15 17 19 22 | 22.9
Armour         | 10 9 | 10.0
Dodging        | |  2.6

Action                     |  1- 3 |  4- 6 |  7- 9 | 10-12 || total
---------------------------+-------+-------+-------+-------++-------
  Melee: Unarmed           |    14 |    39 |    51 |   136 ||   240
 Invoke: Sacrifice Stealth |       |       |       |     1 ||     1
         Sacrifice Experie |       |       |       |     1 ||     1
    Use: Potion            |       |       |       |     1 ||     1
 Armour: Robe              |     4 |     4 |     4 |       ||    12
         Chain mail        |       |       |       |    47 ||    47
  Dodge: Dodged            |     4 |    14 |    14 |    38 ||    70
  Block: Orb               |       |       |       |     1 ||     1

Table legend: (Time is in decaauts)
 A = Elapsed time spent in this place.
 B = Non-inter-level travel time spent in this place.
 C = Inter-level travel time spent in this place.
 D = Time resting spent in this place.
 E = Time spent auto-exploring this place.
 F = Levels seen in this place.
 G = Mean time per level.
                   A        B        C        D        E       F      G
               +--------+--------+--------+--------+--------+-----+--------+
         Total |   2624 |   2610 |     14 |   1910 |      0 |   1 | 2624.0 |
       Dungeon |   2624 |   2610 |     14 |   1910 |      0 |   1 | 2624.0 |
               +--------+--------+--------+--------+--------+-----+--------+

Top non-repeatable levels by time:
       D: 2624 daAuts
